Map: [ESL] Oceanborn

Players

Spirit - Winner!

  • Race: Terran Terran
  • Spawn Location: 5:00

HeroMarine

  • Race: Terran Terran
  • Spawn Location: 11:00

Event: IEM Katowice 2024

VOD

Have the link to the VOD?

Description

Time

  • Played on: Feb. 8, 2024, 6:36 a.m.
  • Length: 13:48

All games in this series

Show
View Real Time Build Order
Export as new Build Order

Spirit Terran - Winner!

Build Orders: Cyclone Opening 

Get SALT Encoding   

  12  0:00  SCV  
  13  0:12  SCV  
  14  0:16  Supply Depot  
  14  0:24  SCV  
  15  0:38  SCV  
  15  0:39  Barracks  
  16  0:45  Refinery  
  16  0:50  SCV  
  16  0:52  Refinery  
  17  1:02  SCV  
  18  1:14  SCV  
  19  1:26  Orbital Command, Reaper  
  20  1:41  Supply Depot  
  20  1:43  Factory  
  20  1:52  SCV  
  21  1:58  Barracks Reactor  
  21  2:04  SCV  
  22  2:16  SCV  
  22  2:21  Command Center  
  23  2:29  SCV  
  24  2:38  Cyclone x2  
  24  2:41  SCV  
  29  2:47  Supply Depot  
  29  2:53  SCV  
  30  3:06  SCV  
  30  3:10  Cyclone x2  
  35  3:15  Starport  
  35  3:18  SCV  
  35  3:19  Barracks Tech Lab  
  36  3:30  SCV  
  37  3:34  Orbital Command  
  37  3:42  Cyclone, SCV, Refinery  
  37  3:46  Cyclone  
  42  3:54  SCV, Supply Depot  
  43  4:03  Raven  
  43  4:06  SCV  
  43  4:07  SCV  
  47  4:15  Cyclone  
  49  4:18  Cyclone, SCV  
  49  4:19  SCV  
  53  4:31  SCV x2  
  51  4:43  SCV x2  
  49  4:47  Cyclone  
  49  4:50  Cyclone  
  53  4:55  SCV x2  
  53  4:56  Barracks Tech Lab  
  54  5:05  Raven  
  55  5:07  SCV  
  55  5:08  Supply Depot, SCV  
  55  5:13  Supply Depot  
  57  5:17  Supply Depot  
  57  5:19  SCV  
  57  5:20  SCV  
  57  5:31  SCV  
  57  5:32  SCV  
  57  5:34  Siege Tank, Marine x2  
  64  5:36  Command Center  
  64  5:41  Raven  
  64  5:42  Interference Matrix  
  66  5:43  SCV  
  66  5:44  SCV  
  68  5:51  Marine  
  68  5:53  Supply Depot  
  68  5:55  SCV, Refinery  
  68  5:56  SCV  
  71  5:58  Marine  
  72  6:07  Barracks, SCV  
  72  6:08  Barracks, SCV  
  74  6:12  Siege Tank  
  74  6:18  Marine x2  
  77  6:19  SCV  
  77  6:20  SCV  
  77  6:24  Engineering Bay  
  77  6:25  Engineering Bay  
  80  6:32  SCV x2  
  82  6:36  Bunker  
  84  6:44  SCV x2  
  84  6:45  Siege Tank  
  87  6:47  Supply Depot  
  87  6:48  SCV  
  87  6:50  Liberator x2  
  87  6:52  Stimpack  
  87  6:53  Marauder  
  96  6:56  SCV  
  96  6:58  Barracks Reactor x2  
  96  6:59  SCV  
  96  7:08  SCV  
  95  7:09  Supply Depot  
  95  7:11  SCV  
  95  7:14  Terran Infantry Weapons Level 1, Marine  
  97  7:20  SCV  
  97  7:27  Siege Tank, SCV  
  101  7:32  SCV, Marine  
  110  7:39  SCV  
  107  7:44  SCV  
  107  7:50  Marine  
  109  7:52  SCV  
  109  7:54  Barracks  
  110  7:59  Siege Tank  
  110  8:01  SCV  
  110  8:04  Terran Infantry Armor Level 1  
  114  8:07  Viking, Marine  
  114  8:08  Viking, Barracks  
  114  8:09  Barracks  
  117  8:12  SCV  
  117  8:22  Supply Depot x2  
  117  8:24  SCV  
  117  8:25  Marine  
  119  8:27  SCV  
  119  8:30  Orbital Command, Barracks  
  120  8:43  Marine x3  
  120  8:45  Viking  
  120  8:46  Viking  
  127  8:54  Marine  
  127  8:55  SCV  
  129  8:56  Siege Tank  
  129  8:57  Marine  
  129  8:58  SCV  
  129  9:01  Marine x3  
  129  9:02  Refinery x2  
  136  9:03  Sensor Tower  
  136  9:09  SCV  
  135  9:10  Combat Shield  
  135  9:12  Barracks Reactor, Marine  
  135  9:14  Armory  
  135  9:15  Marine  
  135  9:18  Marine  
  135  9:21  Viking x2, Command Center, Marine  
  135  9:23  Marine  
  137  9:30  Marine  
  138  9:31  Siege Tank  
  138  9:34  Barracks Reactor  
  141  9:39  Missile Turret  
  141  9:41  Missile Turret  
  141  9:42  Supply Depot  
  141  9:43  Missile Turret, Supply Depot  
  141  9:45  Supply Depot  
  141  9:46  Supply Depot  
  141  9:54  Starport  
  141  10:04  Medivac x2, SCV x3, Marine x7  
  158  10:07  Terran Infantry Weapons Level 2  
  158  10:11  Terran Infantry Armor Level 2  
  158  10:12  Terran Vehicle Weapons Level 1  
  158  10:13  Marine x2  
  156  10:19  SCV x2  
  156  10:21  Marine x5, SCV  
  159  10:22  Marine x2  
  159  10:27  Siege Tank  
  169  10:30  Marine  
  169  10:31  SCV x2, Marine  
  173  10:38  Viking, Sensor Tower  
  173  10:39  Starport Reactor, Marine x3  
  177  10:51  Viking  
  177  10:55  Planetary Fortress  
  177  10:56  SCV  
  180  10:59  Siege Tank  
  180  11:00  Marine x6  
  180  11:03  Starport  
  188  11:11  Supply Depot, Refinery  
  188  11:13  Marine x2, Refinery  
  188  11:15  Viking  
  173  11:31  Liberator x2  
  173  11:32  Viking, Fusion Core  
  180  11:45  Liberator  
  183  11:49  Siege Tank  
  186  11:54  Command Center  
  186  12:00  Marine x9  
  186  12:01  Command Center  
  180  12:02  Viking  
  180  12:18  Marine x3  
  180  12:21  Siege Tank  
  184  12:26  Marine  
  183  12:34  Marine  
  183  12:35  SCV  
  183  12:36  SCV x3  
  184  12:41  Viking  
  184  12:42  Viking x3, Starport Reactor  
  184  12:48  SCV x4  
  185  12:51  Sensor Tower  
  185  12:53  Refinery  
  185  12:58  Siege Tank  
  185  13:00  SCV x2  
  190  13:11  Viking  
  190  13:14  Viking  
  190  13:15  Viking x2  
Show
View Real Time Build Order
Export as new Build Order

HeroMarine Terran 

Build Orders: Gas First Reaper Expand 

Get SALT Encoding   

  12  0:00  SCV  
  13  0:12  SCV  
  14  0:17  Supply Depot  
  14  0:24  SCV  
  15  0:29  Refinery  
  15  0:39  SCV  
  16  0:44  Barracks  
  16  0:51  SCV  
  17  1:03  SCV  
  18  1:15  SCV  
  19  1:31  Orbital Command, Reaper  
  20  1:50  Command Center  
  20  1:55  Factory  
  20  1:58  SCV  
  21  2:06  Supply Depot  
  21  2:07  Reaper  
  22  2:11  SCV  
  23  2:15  Refinery  
  23  2:28  SCV  
  24  2:38  Hellion  
  24  2:40  SCV  
  24  2:43  Starport  
  27  2:51  Barracks Reactor  
  27  2:52  SCV  
  28  3:00  Widow Mine  
  28  3:03  Orbital Command  
  28  3:04  SCV  
  31  3:16  SCV, Supply Depot  
  32  3:21  Medivac  
  32  3:22  Orbital Command  
  32  3:24  Factory Tech Lab  
  34  3:28  SCV  
  34  3:29  Marine x2  
  37  3:35  Refinery  
  37  3:40  SCV  
  38  3:47  Siege Tank, Marine x2  
  43  3:50  SCV  
  43  3:52  Starport Tech Lab  
  43  3:53  SCV  
  45  4:02  SCV  
  46  4:05  Marine x2, SCV  
  49  4:12  Supply Depot  
  49  4:14  SCV  
  46  4:17  SCV  
  46  4:19  Siege Tank  
  46  4:23  Marine x2  
  46  4:26  SCV  
  46  4:29  SCV  
  44  4:38  SCV  
  44  4:41  SCV  
  44  4:44  Marine  
  42  4:50  SCV  
  43  4:53  SCV  
  43  4:54  Siege Tank  
  47  5:02  SCV  
  47  5:05  SCV, Marine x2  
  51  5:11  Refinery  
  51  5:15  SCV  
  51  5:17  SCV  
  53  5:27  Supply Depot, SCV  
  54  5:30  SCV  
  54  5:31  Interference Matrix, Supply Depot  
  54  5:40  Siege Tank, Marine x2  
  59  5:44  SCV x2  
  59  5:55  Supply Depot  
  59  5:56  Raven  
  61  5:58  Marine x2  
  61  5:59  SCV x2  
  65  6:11  SCV x2  
  67  6:12  Siege Tank  
  67  6:16  Marine x2  
  72  6:23  SCV x2  
  72  6:30  Supply Depot  
  70  6:33  Raven, Marine x2  
  70  6:35  SCV x2  
  75  6:47  SCV x2  
  75  6:51  Marine x2  
  79  6:55  Command Center  
  79  6:59  SCV x2  
  81  7:02  Siege Tank  
  84  7:11  SCV x2  
  84  7:14  Marine x2  
  84  7:15  Raven  
  90  7:23  SCV  
  90  7:24  SCV  
  92  7:31  Marine  
  94  7:39  Barracks x2, SCV x2  
  94  7:44  Siege Tank  
  88  7:52  SCV x2  
  90  8:00  Viking  
  90  8:01  Viking  
  90  8:05  Engineering Bay x2  
  94  8:06  SCV x2  
  94  8:07  Stimpack, Refinery  
  94  8:08  Orbital Command  
  94  8:09  Marine  
  97  8:18  SCV x2  
  99  8:27  Marine, Supply Depot  
  99  8:30  SCV x2  
  99  8:32  Barracks Reactor, Terran Infantry Weapons Level 1, Terran Infantry Armor Level 1  
  99  8:34  Barracks Reactor  
  102  8:38  Viking  
  99  8:44  SCV  
  99  8:45  Marine, SCV  
  94  8:49  SCV  
  90  8:56  Siege Tank, SCV  
  90  8:57  SCV  
  94  9:03  Marine  
  94  9:08  SCV  
  94  9:09  SCV  
  95  9:11  Orbital Command  
  95  9:15  Marine x2  
  95  9:16  Medivac, Marine x2  
  94  9:20  SCV  
  94  9:21  SCV, Marine  
  94  9:26  Barracks x2  
  94  9:32  SCV  
  94  9:33  Siege Tank, SCV, Marine x3  
  94  9:36  Marine  
  104  9:42  Supply Depot  
  104  9:44  SCV  
  105  9:45  Medivac  
  105  9:48  Viking  
  105  9:50  SCV  
  105  9:51  SCV, Refinery  
  110  9:54  Marine x2  
  110  9:55  Marine  
  110  9:58  Marine x2  
  115  10:03  SCV x3  
  115  10:04  Supply Depot  
  118  10:12  Siege Tank, Marine x3, Refinery  
  124  10:15  Barracks Reactor x2, SCV  
  124  10:17  Combat Shield  
  125  10:26  Supply Depot, Marine x2  
  125  10:28  Viking x2  
  131  10:30  Marine x2, SCV x3  
  131  10:35  Marine  
  137  10:36  Supply Depot  
  137  10:43  Marine  
  137  10:44  Marine  
  137  10:47  Siege Tank, Supply Depot  
  137  10:48  Marine x2  
  144  10:53  Marine  
  145  10:58  Viking, SCV x2  
  145  10:59  Armory  
  145  11:01  Marine x2  
  145  11:02  Viking  
  152  11:06  Marine  
  152  11:08  Marine  
  152  11:09  Marine  
  152  11:11  Marine x2  
  154  11:14  Marine x2  
  152  11:19  Siege Tank  
  152  11:20  SCV x2  
  152  11:23  Marine x2  
  144  11:26  Marine x2  
  144  11:28  Marine  
  147  11:33  Marine x2  
  147  11:35  Marine  
  147  11:37  Marine  
  151  11:41  Marine x2  
  151  11:44  Viking, Marine  
  151  11:46  Viking  
  158  11:54  Marine  
  158  11:55  Marine x3  
  158  11:56  Marine  
  158  12:00  Marine  
  148  12:02  Marine  
  145  12:08  Marine  
  145  12:12  Marine  
  145  12:13  Marine  
  151  12:20  Siege Tank  
  149  12:25  Viking x2  
  149  12:26  Marine x2  
  149  12:27  Marine  
  149  12:28  Marine  
  149  12:29  Marine  
  144  12:35  Marine x2  
  146  12:37  Marine  
  147  12:47  Marine x2  
  140  12:52  Siege Tank, Marine x2  
  140  12:53  Marine x2  
  140  12:55  Viking x2  
  148  13:00  Factory  
  135  13:20  Marine x3  
  135  13:22  Marine x3  
  135  13:24  Marine x3  

Tags
 
Add a new tag
Caveats
  • Supply blocks, unpowered buildings, or Contaminate may cause inaccurate times.
  • Supply counts are checked every 10 seconds.